Map: Orbital Shipyard

Players

Tefel

  • Race: Zerg Zerg
  • League: Grandmaster

Bobby (TheStC) - Winner!

  • Race: Terran Terran
  • League: Master

Event: Lycan League Weekly July #1

VOD

Have the link to the VOD?

Description

Time

  • Played on: July 20, 2015, 3:44 p.m.
  • Length: 10:09

All games in this series

Show
View Real Time Build Order
Export as new Build Order

Tefel Zerg 

Build Orders: Pool First, Muta Ling Bane 

Get SALT Encoding   

  12  0:00  Drone  
  13  0:09  Drone  
  14  0:17  Overlord  
  14  0:25  Drone, Extractor  
  15  0:36  Drone x2  
  17  0:47  Spawning Pool  
  17  0:48  Drone  
  17  0:54  Drone  
  18  1:11  Hatchery  
  18  1:13  Extractor  
  18  1:14  Drone  
  18  1:18  Drone  
  18  1:27  Drone  
  19  1:33  Queen  
  19  1:38  Drone  
  22  1:52  Overlord  
  22  2:03  Hatchery  
  21  2:10  Queen  
  21  2:11  Drone  
  24  2:17  Metabolic Boost  
  24  2:21  Drone  
  25  2:24  Drone  
  25  2:26  Drone  
  27  2:32  Extractor  
  27  2:33  Drone  
  27  2:35  Drone  
  28  2:42  Overlord  
  29  2:44  Drone  
  29  2:46  Drone  
  29  2:49  Drone  
  29  2:50  Drone  
  33  2:54  Drone  
  33  2:55  Drone  
  36  2:58  Drone  
  36  3:07  Drone  
  36  3:08  Overlord  
  37  3:14  Drone x2  
  37  3:15  Overlord  
  37  3:16  Drone x2  
  37  3:18  Zergling x2  
  42  3:23  Drone  
  43  3:28  Drone x4  
  43  3:33  Lair  
  47  3:37  Spine Crawler  
  47  3:38  Drone  
  47  3:39  Drone  
  48  3:42  Zergling x4  
  48  3:46  Zergling x6  
  53  3:50  Queen  
  53  3:57  Zergling x6  
  53  3:58  Drone x2  
  53  4:01  Drone, Extractor  
  59  4:02  Zergling x2  
  59  4:04  Zergling x2, Extractor  
  59  4:05  Zergling x2  
  59  4:06  Zergling x2  
  59  4:09  Overlord  
  61  4:14  Spine Crawler  
  60  4:18  Drone x4  
  60  4:19  Drone  
  60  4:20  Drone  
  66  4:27  Queen  
  68  4:32  Overlord  
  68  4:35  Overlord  
  68  4:38  Drone x5  
  73  4:39  Extractor x2  
  73  4:45  Drone x2, Spire  
  70  4:46  Drone  
  70  4:48  Drone  
  70  4:52  Drone x3  
  77  4:54  Drone x2  
  77  4:56  Drone  
  77  4:57  Drone  
  81  5:04  Drone x2  
  81  5:05  Extractor  
  81  5:06  Drone  
  83  5:12  Overlord  
  83  5:13  Drone  
  84  5:14  Drone  
  84  5:15  Drone  
  84  5:20  Evolution Chamber, Drone x2, Hatchery  
  86  5:23  Drone  
  86  5:24  Evolution Chamber  
  86  5:26  Drone x2  
  88  5:29  Drone  
  88  5:32  Drone x2  
  88  5:34  Overlord  
  91  5:43  Drone x2  
  91  5:44  Baneling Nest  
  91  5:46  Zerg Melee Weapons Level 1  
  92  5:51  Zerg Ground Armor Level 1  
  92  5:55  Overlord  
  92  5:59  Mutalisk x4  
  98  6:09  Drone x7  
  98  6:10  Drone x2  
  98  6:11  Drone x5  
  105  6:20  Drone x4, Overlord  
  105  6:21  Mutalisk  
  111  6:25  Mutalisk  
  111  6:28  Baneling x3  
  111  6:29  Baneling  
  111  6:32  Extractor  
  112  6:33  Zergling x4  
  112  6:34  Extractor  
  112  6:36  Zergling x6  
  112  6:37  Overlord, Zergling x2  
  112  6:39  Zergling x8  
  121  6:45  Baneling x4  
  121  6:46  Zergling x4  
  124  6:47  Zergling x2  
  124  6:51  Zergling x4  
  124  6:52  Zergling x4  
  124  6:53  Overlord, Centrifical Hooks  
  128  6:54  Overlord  
  128  6:56  Overlord x2, Zergling x2  
  128  6:57  Zergling x4  
  128  6:59  Zergling x2  
  132  7:02  Baneling x6  
  132  7:03  Overlord, Baneling x6  
  132  7:05  Zergling x2  
  132  7:07  Zergling x2  
  134  7:10  Zergling x2  
  134  7:12  Zergling x2  
  134  7:15  Overseer x3  
  136  7:16  Zergling x2  
  136  7:20  Zergling x2  
  136  7:21  Zergling x2  
  136  7:22  Zergling x4  
  122  7:23  Zergling x2, Baneling x9  
  122  7:24  Zergling x4  
  122  7:25  Zergling x2  
  122  7:29  Zergling x4  
  110  7:31  Zergling x4  
  110  7:32  Zergling x2  
  110  7:33  Zergling x8  
  110  7:34  Zergling x2  
  110  7:35  Baneling x4  
  103  7:45  Zergling x4  
  103  7:46  Zergling x4  
  103  7:48  Baneling x2  
  103  7:49  Queen  
  106  7:51  Zergling x2  
  106  7:52  Zergling x2  
  106  7:53  Queen  
  106  7:54  Queen  
  106  7:55  Zergling x2  
  106  7:57  Baneling x10  
  106  7:58  Zergling x2  
  113  8:01  Mutalisk  
  113  8:02  Mutalisk  
  115  8:07  Drone x2  
  115  8:08  Hatchery  
  116  8:16  Drone x3  
  116  8:17  Drone  
  120  8:22  Spore Crawler  
  120  8:23  Drone  
  120  8:26  Overlord  
  120  8:28  Drone x5  
  120  8:32  Drone, Extractor  
  125  8:38  Drone x6  
  130  8:42  Zergling x2  
  130  8:45  Baneling x9  
  130  8:46  Hatchery  
  130  8:47  Overlord  
  130  8:48  Mutalisk  
  130  8:52  Spore Crawler  
  130  8:53  Zergling x2  
  129  8:56  Mutalisk  
  129  8:58  Mutalisk  
  129  9:02  Zergling x2  
  129  9:03  Zergling x2  
  129  9:07  Mutalisk  
  129  9:08  Mutalisk x2  
  119  9:14  Mutalisk  
  110  9:17  Drone  
  110  9:19  Zergling x2  
  108  9:25  Zergling x2  
  108  9:26  Zergling x2  
  108  9:29  Zergling x2  
  108  9:36  Mutalisk x2  
  112  9:41  Hatchery  
  112  9:43  Zergling x2  
  112  9:46  Zergling x2  
Show
View Real Time Build Order
Export as new Build Order

Bobby Terran - Winner!

Build Orders: Hellion Opening, Reaper Expand, MMM Bio 

Get SALT Encoding   

  12  0:01  SCV  
  13  0:13  SCV  
  14  0:18  Supply Depot  
  14  0:25  SCV  
  15  0:40  SCV  
  15  0:41  Barracks  
  16  0:44  Refinery  
  16  0:52  SCV  
  17  1:04  SCV  
  18  1:16  SCV  
  19  1:28  Orbital Command  
  19  1:29  Reaper  
  20  1:40  Command Center  
  20  1:55  SCV  
  20  1:56  Supply Depot  
  21  2:07  Marine  
  21  2:08  SCV  
  23  2:09  Factory  
  23  2:20  SCV  
  24  2:26  Barracks Reactor  
  24  2:32  SCV  
  25  2:43  Command Center  
  25  2:47  SCV  
  26  2:54  Orbital Command  
  26  2:59  SCV  
  27  3:07  Hellion x2  
  27  3:11  Barracks Tech Lab  
  31  3:13  SCV  
  32  3:20  SCV  
  32  3:25  SCV  
  34  3:29  Hellion  
  34  3:30  Hellion  
  34  3:32  Stimpack, Marine  
  34  3:33  SCV  
  40  3:38  SCV  
  41  3:43  Barracks  
  41  3:46  Barracks  
  41  3:48  SCV  
  42  3:50  SCV  
  43  3:56  Hellion x2  
  43  3:57  Marine  
  43  3:59  Orbital Command  
  43  4:00  SCV  
  43  4:02  SCV  
  50  4:12  SCV, Refinery  
  50  4:13  Starport  
  50  4:14  Refinery  
  50  4:15  Refinery  
  51  4:18  Marine  
  51  4:19  SCV  
  51  4:23  Factory Reactor  
  53  4:24  SCV  
  53  4:26  Engineering Bay  
  53  4:27  Engineering Bay  
  53  4:31  SCV  
  55  4:33  SCV  
  55  4:35  Barracks Reactor  
  55  4:36  SCV, Marine  
  58  4:43  Orbital Command  
  58  4:45  SCV  
  60  4:50  Starport Reactor  
  59  4:53  SCV, Barracks  
  59  4:55  Terran Infantry Weapons Level 1  
  59  4:56  Barracks  
  59  4:57  SCV  
  61  5:09  Marine  
  61  5:10  Supply Depot  
  61  5:12  SCV, Supply Depot, Marine x2  
  61  5:13  SCV  
  65  5:15  SCV  
  65  5:16  Marine  
  65  5:17  Marine  
  68  5:25  SCV  
  68  5:27  Terran Infantry Armor Level 1  
  69  5:31  SCV, Medivac x2, Marine x2  
  69  5:32  Supply Depot  
  69  5:35  Marine x2  
  77  5:36  Widow Mine, Marine  
  77  5:39  Supply Depot, Widow Mine  
  77  5:40  Combat Shields  
  77  5:42  SCV x2  
  85  5:45  Barracks Reactor  
  85  5:46  Barracks Reactor  
  85  5:53  SCV  
  85  5:55  Marine x3  
  85  5:56  Supply Depot x2, Marine  
  90  6:00  Missile Turret  
  90  6:03  Missile Turret  
  90  6:09  SCV x2  
  92  6:12  Missile Turret  
  92  6:15  Armory, Marine x2  
  92  6:16  Marine  
  95  6:20  SCV  
  95  6:21  SCV  
  97  6:26  Marine  
  97  6:27  Starport, Marine x4  
  97  6:28  SCV  
  97  6:32  SCV  
  104  6:33  Bunker  
  104  6:35  Liberator  
  104  6:37  Marine x2  
  106  6:40  Liberator  
  106  6:45  Marine x2  
  106  6:46  Marine  
  109  6:48  Marine x2  
  109  6:49  Marine x2  
  116  6:55  Marine  
  116  6:57  Marine  
  116  6:58  Supply Depot  
  116  7:00  Supply Depot x2  
  121  7:01  Terran Infantry Weapons Level 2  
  121  7:03  Supply Depot  
  121  7:07  Marine x2  
  121  7:08  Marine x2  
  125  7:18  Liberator  
  125  7:20  Marine x2  
  117  7:23  Marine, Liberator  
  113  7:31  Marine x2  
  113  7:32  Marine x4  
  113  7:34  SCV x2  
  113  7:36  SCV  
  121  7:37  Marine  
  114  7:45  Marine x2  
  114  7:46  SCV x2  
  114  7:49  Marine x2  
  114  7:50  Medivac  
  114  7:51  Medivac  
  120  7:56  SCV  
  120  7:58  SCV, Marine x5  
  123  7:59  SCV  
  123  8:03  Marine  
  123  8:05  Refinery  
  129  8:06  Refinery  
  129  8:07  Barracks, Marine  
  129  8:08  SCV  
  129  8:09  Barracks  
  131  8:15  Liberator  
  131  8:18  Supply Depot, Marine x2  
  131  8:19  Marine x5  
  138  8:20  Supply Depot  
  138  8:27  Medivac x2  
  138  8:30  Marine  
  138  8:31  Marine  
  147  8:36  Marine  
  147  8:37  Liberator  
  147  8:39  SCV  
  149  8:51  Marauder, Marine  
  149  8:53  Marine x5  
  160  8:57  Barracks Reactor, Barracks Tech Lab  
  160  8:59  Command Center  
  149  9:02  Marine  
  149  9:03  Liberator, Marine  
  138  9:12  Marine x3  
  138  9:13  Marauder, Marine  
  138  9:16  Marine x3  
  135  9:18  Medivac  
  135  9:19  Medivac  
  135  9:20  Marine x2  
  144  9:26  Barracks  
  144  9:30  Barracks, Marine x2  
  142  9:32  Barracks  
  142  9:33  Marine x4  
  142  9:34  Marine x4  
  144  9:38  Marine x2  
  148  9:47  Marine  
  148  9:48  Marine  
  148  9:50  Marine  

Tags
 
Add a new tag
Caveats
  • Supply blocks, unpowered buildings, or Contaminate may cause inaccurate times.
  • Supply counts are checked every 10 seconds.